 Dungeon Crawl Stone Soup version 0.32-a0-928-g1cae6b7ea0 (webtiles) character file.

Game seed: 14312738478080678954

2092 Biggs the Thaumaturge (level 9, -8/97 HPs)
             Began as a Djinni Conjurer on Apr 13, 2024.
             Was a Follower of Makhleb.
             Killed by divine providence
             ... invoked by an orc priest
              (12 damage)
             ... on level 7 of the Dungeon.
             The game lasted 00:17:59 (3506 turns).

Biggs the Thaumaturge (Djinni Conjurer)             Turns: 3506, Time: 00:18:00

Health: -8/97      AC: 24    Str:  4 (6)  XL:     9   Next: 52%
Gold:   738        EV:  2    Int: 20 (23) God:    Makhleb [*.....] SH:  0 Dex: 12 (13)

rFire   . . .        (no weapon)
rCold   . . .        (no shield)
rNeg    . . .        j - melded +2 robe {rN+}
rPois   ∞            (helmet currently unavailable)
rElec   .            (cloak currently unavailable)
rCorr   .            (gloves currently unavailable)
SInv    .            (boots unavailable)
Will    +....        (no amulet)
Stlth   ++           (no ring)
HPRegen 0.36/turn    (no ring)

%: infuse magic (-9 HP)
@: tree-form, attractive, enlightened
A: stationary, stasis, torment immunity, boosted hp, sickness immunity, (fire
resistance 2), (cold vulnerability 1), float, innate caster, HP casting, extra
vitality 1
a: Renounce Religion


You were on level 7 of the Dungeon.
You worshipped Makhleb.
Makhleb was aware of your devotion.
You were a tree.
You visited 2 branches of the dungeon, and saw 8 of its levels.

You collected 738 gold pieces.

Inventory:

Armour
 a - a +0 robe
 j - a +2 robe of positive energy (melded)
Magical Staves
 b - a staff of earth
Scrolls
 d - 3 scrolls of enchant armour
 h - a scroll of brand weapon {unknown}
 i - a scroll of silence {unknown}
 l - a scroll of amnesia {unknown}
 p - a scroll of enchant weapon {unknown}
 q - a scroll of blinking {unknown}
 r - a scroll of poison {unknown}


   Skills:
 - Level 5.0 Fighting
 + Level 6.7 Dodging
 - Level 1.5 Stealth
 - Level 8.0 Spellcasting
 - Level 8.0 Conjurations
 - Level 8.0 Hexes
 - Level 8.0 Summonings
 - Level 8.0 Necromancy
 - Level 8.0 Translocations
 - Level 8.0 Fire Magic
 - Level 8.0 Ice Magic
 - Level 8.0 Air Magic
 - Level 8.0 Earth Magic
 - Level 8.0 Alchemy


You knew the following spells:

 Your Spells              Type           Power      Damage    Failure   Level
a - Magic Dart            Conj           100%       1d8       1%          1
b - Searing Ray           Conj           80%        2d7       1%          2
c - Fulminant Prism       Conj/Alch      20%        3d12      3%          4
d - Iskenderun's Mystic Conj/Tloc 40%            2d9        (+2d5     3%          4
e - Necrotise             Necr           100%       1d9       1%          1
f - Static Discharge      Conj/Air       80%        3-7/arc   1%          2
g - Summon Ice Beast      Ice/Summ       40%        N/A       1%          3
h - Fugue of the Fallen   Necr           40%        N/A       1%          3
Your spell library was empty.

Dungeon Overview and Level Annotations

Branches:
Dungeon (7/15)             Temple (1/1) D:5

Altars:
Ashenzari
Cheibriados
Dithmenos
Fedhas
Gozag
Hepliaklqana
Makhleb
Nemelex Xobeh
Okawaru
Ru
Trog
Uskayaw
Wu Jian
Zin

Annotations:
D:6 2 transporters


Innate Abilities, Weirdness & Mutations

You are a tree.
Your roots penetrate the ground, keeping you stationary.
You cannot be teleported.
You are immune to unholy pain and torment.
Your maximum health is greatly increased.
Your equipment is partially melded.
You are immune to sickness and miasma.
You are immune to poison.
((Your flesh is very heat resistant. (rF++)))
((You are vulnerable to cold. (rC-)))
You float through the air rather than walking.
You learn spells naturally, not from books.
Your magical power is your life essence.
You have superior vitality. (+4 MHP)


Message History

Unknown command.
The killer bee stings you.
* * * LOW HITPOINT WARNING * * *
The killer bee barely misses you.
The killer bee attacks as it pursues you!
The killer bee stings you.
* * * LOW HITPOINT WARNING * * *
Your surroundings suddenly seem different.
An orc priest, an orc wizard and an orc come into view.
The orc priest shouts!
The orc wizard shouts!
The orc shouts!
Unknown command.
It was a potion of lignification.
You turn into a tree.
Your +2 robe of positive energy melds into your body.
You feel less protected from negative energy.
Your roots penetrate the ground.
The orc hits you but does no damage.
The orc wizard gestures wildly while chanting.
The orc wizard flickers and vanishes!
Deactivating autopickup; reactivate with Ctrl-A.
The orc priest barely misses you.
It was a potion of enlightenment.
Your roots keep you in place.
The orc hits you but does no damage. The orc priest hits you with a +0 whip.
* * * LOW HITPOINT WARNING * * *
It was a potion of attraction.
You feel attractive to monsters. The orc hits you but does no damage.
The orc priest hits you but does no damage.
Unknown command.
It was a potion of curing.
You feel better. The orc barely misses you.
You hear some strange, mumbled words.
A puff of flame appears from out of thin air!
The puff of flame hits you!
* * * LOW HITPOINT WARNING * * *
The orc priest hits you but does no damage.
It was a potion of degeneration.
There was something very wrong with that liquid.
You feel weakened.
You feel dopey.
You feel clumsy. The orc hits you but does no damage.
Something hits you but does no damage.
The orc priest mumbles some strange prayers to Beogh against you.
Beogh smites you!
You die...

#######..
#.......#
#.......+
#.......###
#.........
#......#
##..{o..#
#...o♣..#
#.......#
#.......#
#.......#
#.......#
#.......#
#########


You could see an orc priest and an orc.

Vanquished Creatures
  Sigmund (D:2)
  2 orc warriors
  A black bear (D:6)
  A sky beast (D:6)
  3 ogres
  A centaur (D:6)
  2 phantoms
  A bullfrog (D:7)
  2 scorpions (D:4)
  2 wights (D:7)
  A bombardier beetle (D:5)
  A quasit (D:5)
  A hound (D:4)
  2 jellies
  5 orc priests
  2 iguanas (D:5)
  A sleepcap (D:6)
  5 orc wizards
  7 gnolls
  6 adders
  4 shadow imps
  4 white imps
  3 ufetubi (D:5)
  A dart slug (D:3)
  4 ribbon worms
  13 orcs
  4 bats
  6 endoplasms
  2 giant cockroaches
  3 goblins
  4 hobgoblins
  4 jackals (D:1)
  4 quokkas
  5 ball pythons
  3 frilled lizards
  5 kobolds
  3 rats
119 creatures vanquished.

Vanquished Creatures (others)
  3 fulminant prisms
3 creatures vanquished.

Grand Total: 122 creatures vanquished

Notes
Turn   | Place    | Note
-------+----------+-------------------------------------------
     0 | D:1      | Biggs the Djinni Conjurer began the quest for the Orb.
     0 | D:1      | Biggs set off with the following spells memorised: Magic
                  | Dart, Searing Ray, Fulminant Prism, Iskenderun's Mystic
                  | Blast.
     0 | D:1      | Reached XP level 1. HP: 15/15 MP: 0/0
   321 | D:1      | Reached XP level 2. HP: 7/21 MP: 0/0
   408 | D:2      | Found a faded altar of an unknown god.
   415 | D:2      | Noticed Sigmund
   491 | D:2      | Reached XP level 3. HP: 15/25 MP: 0/0
   491 | D:2      | Learned a level 1 spell: Necrotise
   497 | D:2      | Reached XP level 4. HP: 11/31 MP: 0/0
   977 | D:2      | Killed Sigmund
   978 | D:2      | Reached skill level 5 in Spellcasting
   978 | D:2      | Reached skill level 5 in Conjurations
   978 | D:2      | Reached skill level 5 in Hexes
   978 | D:2      | Reached skill level 5 in Summonings
   978 | D:2      | Reached skill level 5 in Necromancy
   978 | D:2      | Reached skill level 5 in Translocations
   978 | D:2      | Reached skill level 5 in Fire Magic
   978 | D:2      | Reached skill level 5 in Ice Magic
   978 | D:2      | Reached skill level 5 in Air Magic
   978 | D:2      | Reached skill level 5 in Earth Magic
   978 | D:2      | Reached skill level 5 in Alchemy
   978 | D:2      | Reached XP level 5. HP: 29/35 MP: 0/0
   978 | D:2      | Learned a level 2 spell: Static Discharge
   978 | D:2      | Reached XP level 6. HP: 33/40 MP: 0/0
  1050 | D:3      | You are sucked into a shaft and drop 3 floors!
  1107 | D:6      | Noticed a sky beast
  1110 | D:6      | Noticed a black bear
  1114 | D:6      | Killed a sky beast
  1115 | D:6      | Killed a black bear
  1116 | D:6      | Reached XP level 7. HP: 23/45 MP: 0/0
  1116 | D:6      | Learned a level 3 spell: Summon Ice Beast
  1391 | D:5      | Entered Level 5 of the Dungeon
  1679 | D:3      | Found a sacrificial altar of Ru.
  1680 | D:3      | Found a hazy altar of Hepliaklqana.
  1680 | D:3      | Found a blossoming altar of Fedhas.
  1681 | D:3      | Found a glowing silver altar of Zin.
  1681 | D:3      | Found an opulent altar of Gozag.
  1682 | D:3      | Found an ornate altar of the Wu Jian Council.
  1683 | D:3      | Found a broken altar of Ashenzari.
  1684 | D:3      | Found an iron altar of Okawaru.
  1824 | D:4      | Reached XP level 8. HP: 36/50 MP: 0/0
  2379 | D:5      | Reached skill level 1 in Fighting
  2874 | D:5      | Found a staircase to the Ecumenical Temple.
  2883 | Temple   | Entered the Ecumenical Temple
  2888 | Temple   | Became a worshipper of Makhleb the Destroyer
  3061 | D:6      | Reached skill level 5 in Fighting
  3061 | D:6      | Reached XP level 9. HP: 56/65 MP: 0/0
  3061 | D:6      | Learned a level 3 spell: Fugue of the Fallen
  3141 | D:6      | Found a transporter.
  3142 | D:6      | Noticed a kobold demonologist
  3192 | D:6      | Found a transporter.
  3214 | D:6      | Noticed a kobold demonologist
  3270 | D:6      | Reached skill level 5 in Dodging
  3431 | D:7      | Identified a scroll of acquirement
  3433 | D:7      | Acquired 467 gold pieces
  3446 | D:7      | Reached * piety under Makhleb
  3500 | D:7      | HP: 3/65 [killer bee (2)]
  3505 | D:7      | HP: 4/97 [something/puff of flame (9)]
  3506 | D:7      | Killed from afar by an orc priest

Illustrated notes

Levels and vault maps discovered:
D:1:      minmay_arrival_split_and_join, layout_rooms
D:2:      layout_rooms, hellmonk_ecumenical_altar_pennies_from_heaven,
          uniq_sigmund
D:3:      layout_loops_corners, nicolae_overflows_in_rows, gup_sewer_entry_bowl
D:4:      layout_loops_ring, kennysheep_generic_room_4
D:5:      layout_gridville, minmay_temple_entry_statues_pillars, serial_demonic,
          serial_demonic_a, serial_demonic_g, serial_demonic_f,
          serial_demonic_a, serial_demonic_a, minmay_holes
D:6:      gammafunk_wand_slinger, layout_basic
D:7:      layout_basic, gammafunk_temple_overflow_claw, enter_ossuary_2,
          lightli_corner_chamber
Temple:   hellmonk_temple_two_chambers

Skill      XL: |  1  2  3  4  5  6  7  8  9 |
---------------+----------------------------+-----
Spellcasting   | 4 5 6 7 8 |  8.0
Conjurations   | 4 5 6 7 8 |  8.0
Hexes          | 4 5 6 7 8 |  8.0
Summonings     | 4 5 6 7 8 |  8.0
Necromancy     | 4 5 6 7 8 |  8.0
Translocations | 4 5 6 7 8 |  8.0
Fire Magic     | 4 5 6 7 8 |  8.0
Ice Magic      | 4 5 6 7 8 |  8.0
Air Magic      | 4 5 6 7 8 |  8.0
Earth Magic    | 4 5 6 7 8 |  8.0
Alchemy        | 4 5 6 7 8 |  8.0
Fighting       | 5 |  5.0
Dodging        | 6 |  6.7
Stealth        | |  1.5

Action                     |  1- 3 |  4- 6 |  7- 9 || total
---------------------------+-------+-------+-------++-------
  Melee: Unarmed           |     1 |       |     1 ||     2
   Cast: Magic Dart        |    33 |    10 |    32 ||    75
         Searing Ray       |     6 |    10 |    70 ||    86
         Fulminant Prism   |       |     1 |     2 ||     3
         Iskenderun's Myst |       |       |    15 ||    15
    Use: Potion            |     1 |     1 |     5 ||     7
         Scroll            |       |       |     8 ||     8
 Armour: Robe              |    15 |     8 |    43 ||    66
         Skin              |       |       |     9 ||     9
  Dodge: Dodged            |    22 |    10 |    37 ||    69

Table legend: (Time is in decaauts)
 A = Elapsed time spent in this place.
 B = Non-inter-level travel time spent in this place.
 C = Inter-level travel time spent in this place.
 D = Time resting spent in this place.
 E = Time spent auto-exploring this place.
 F = Levels seen in this place.
 G = Mean time per level.
                   A        B        C        D        E       F      G
               +--------+--------+--------+--------+--------+-----+--------+
         Total |   3488 |   3424 |     64 |   1008 |      0 |   8 |  436.0 |
       Dungeon |   3478 |   3417 |     61 |   1008 |      0 |   7 |  496.9 |
        Temple |      9 |      6 |      3 |      0 |      0 |   1 |    9.0 |
               +--------+--------+--------+--------+--------+-----+--------+

Top non-repeatable levels by time:
     D:6: 824 daAuts
     D:4: 701 daAuts
     D:5: 580 daAuts
     D:1: 471 daAuts
     D:2: 441 daAuts
     D:3: 381 daAuts
     D:7: 77 daAuts
  Temple: 9 daAuts
